 Dungeon Crawl Stone Soup version 0.20-a0-1089-g3fde505 (webtiles) character file.

16 Chaoticas the Caller (level 2, 4/19 HPs)
             Began as a Barachi Summoner on May 3, 2017.
             Quit the game on level 2 of the Dungeon.
             The game lasted 00:03:28 (1008 turns).

Chaoticas the Caller (Barachi Summoner)             Turns: 1008, Time: 00:03:28

Health: 4/19       AC:  2    Str: 14    XL:     2   Next: 58%
Magic:  3/5        EV: 12    Int: 15    God:
Gold:   61         SH:  0    Dex: 12    Spells: 5/6 levels left

rFire    . . .     SeeInvis .   k - +0 whip
rCold    . . .     Gourm    .   (no shield)
rNeg     . . .     Faith    .   a - +0 robe
rPois    .         Spirit   .   (no helmet)
rElec    .         Reflect  .   (no cloak)
rCorr    .         Harm     .   (no gloves)
MR       .....                  (no boots)
Stlth    ++........             (no amulet)
Regen    0.1/turn               (no ring)
MPRegen  0.1/turn               (no ring)

@: mighty, lethally poisoned (4 -> -2), slow
A: +LOS, swims, slowness 1, strong legs 1
a: Hop


You were on level 2 of the Dungeon.
You were not hungry.

You visited 1 branch of the dungeon, and saw 2 of its levels.

You collected 61 gold pieces.

Inventory:

Hand Weapons
 k - a +0 whip (weapon)
   (You found it on level 2 of the Dungeon)
Armour
 a - a +0 robe (worn)
 h - a +0 shield
   (You found it on level 1 of the Dungeon)
Scrolls
 b - a scroll of remove curse {unknown}
 d - a scroll of enchant armour {unknown}
 e - 2 scrolls of identify {unknown}
 g - a scroll of recharging {unknown}
Books
 A - a book of Callings

   Spells                             Type                      Level
   a - Summon Small Mammal            Summoning                    1
   b - Call Imp                       Summoning                    2
   c - Call Canine Familiar           Summoning                    3
   d - Summon Guardian Golem          Hexes/Summoning              3
   e - Summon Lightning Spire         Summoning/Air                4
   f - Summon Ice Beast               Ice/Summoning                4
Comestibles
 c - 2 bread rations
 i - 3 royal jellies
 j - 3 fruits
 Z - 2 chunks of flesh


   Skills:
 - Level 2.1 Dodging
 - Level 1.7 Stealth
 * Level 2.7 Spellcasting
 * Level 5.2 Summonings


You had 5 spell levels left.
You knew the following spells:

 Your Spells              Type           Power        Failure   Level  Hunger
a - Summon Small Mammal   Summ           ###.         2%          1    #......


Dungeon Overview and Level Annotations

Branches:
Dungeon (2/15)

Altars:

Annotations:
D:1 exclusion: downstairs


Innate Abilities, Weirdness & Mutations

Shadows flee at your approach. (+LOS)
You can swim through water.
You cover ground slowly.
You can hop short distances.


Message History

An adder comes into view.
The adder moves out of view.
You swap places.
The adder misses your quokka. The adder closely misses your quokka.
Casting: Summon Small Mammal
Confirm with . or Enter, or press ? or * to list all spells.
The adder barely misses your quokka.
Your quokka disappears in a puff of smoke!
Your rat bites the adder.
You hit the adder.
The adder is heavily wounded.
The adder barely misses you. The adder bites you.
Your rat closely misses the adder.
You closely miss the adder.
The adder is heavily wounded.
The adder bites you but does no damage.
Your rat misses the adder. You hit the adder.
The adder is heavily wounded.
The adder bites you.
You are poisoned.
The adder poisons you!
Your rat barely misses the adder.
The adder barely misses you.
You feel sick.
Casting: Summon Small Mammal
Confirm with . or Enter, or press ? or * to list all spells.
The adder bites you.
You are more poisoned.
The adder poisons you!
Your rat barely misses the adder.
The adder bites you.
* * * LOW HITPOINT WARNING * * *
* * * LOW HITPOINT WARNING * * *
You feel sick.
Your rat bites the adder.
The adder bites your rat.
Your rat dies!
Your rat's corpse disappears in a puff of smoke!
The adder hisses angrily.
* * * LOW HITPOINT WARNING * * *
You feel sick. The adder barely misses you.
Your quokka bites the adder.
The adder dies!
You see here a club.
It was a potion of might.
You feel very mighty all of a sudden.
* * * LOW HITPOINT WARNING * * *
You feel sick.
You aren't carrying any potions.
Okay, then.
There is a lethal amount of poison in your body!
There is a lethal amount of poison in your body!
There is a lethal amount of poison in your body!
There is a lethal amount of poison in your body!
Are you sure you want to abandon this character and quit the game? (Confirm with "yes".)

.#...####.........#
.... ##.......##
##.## ##.....##
##...### ##.).##
#......# ##'##
#......# #.# #......#
#.# ##...r##
##.######.
####@#######.........
#..............#####
#.#......##...##
#.##..##......#
#.##..######.##
#.##.........#
#)....########
#######


You could see a friendly quokka.

Vanquished Creatures
  A bat (D:1)
  2 jackals (D:1)
  A frilled lizard (D:1)
  A kobold (D:1)
5 creatures vanquished.

Vanquished Creatures (collateral kills)
  An adder (D:2)
  A hobgoblin (D:2)
  2 jackals (D:1)
  2 frilled lizards (D:1)
  A goblin (D:2)
  A kobold (D:1)
  2 rats (D:1)
10 creatures vanquished.

Grand Total: 15 creatures vanquished

Notes
Turn   | Place    | Note
-------+----------+-------------------------------------------
     0 | D:1      | Chaoticas the Barachi Summoner began the quest for the Orb.
     0 | D:1      | Reached XP level 1. HP: 13/13 MP: 3/3
   269 | D:1      | Reached skill level 5 in Summonings
   523 | D:1      | Reached XP level 2. HP: 16/19 MP: 0/5
  1003 | D:2      | HP: 7/19 [adder (3)]
  1008 | D:2      | Quit the game

Vault maps used:
D:1:      dpeg_arrival_renting
D:2:      overflow_temple_1_default, first_bread, kennysheep_generic_room_13

Skill      XL: |  1 |
---------------+----+-----
Summonings     | 5 |  5.2
Dodging        | |  2.1
Stealth        | |  1.7
Spellcasting   | |  2.7

Action                   || total
-------------------------++-------
Melee: Unarmed           ||    18
       Whip              ||     4
 Cast: Summon Small Mamm ||    20
  Use: Potion            ||     1
  Eat: Bread ration      ||     1
Armor: Robe              ||     4
Dodge: Dodged            ||    22
